 Dungeon Crawl Stone Soup version 0.29-a0-275-g389c0b56f3 (webtiles) character file.

Game seed: 12751027290070435693

9162 Anunax the Thaumaturge (level 11, -3/45 HPs)
             Began as a Felid Cinder Acolyte on Mar 10, 2022.
             Was an Initiate of Ignis.
             Slain by a phantasmal warrior (36 damage)
             ... led by a death knight
             ... on level 12 of the Dungeon.
             The game lasted 01:12:13 (16868 turns).

Anunax the Thaumaturge (Felid Cinder Acolyte)      Turns: 16868, Time: 01:12:14

Health: -3/45      AC:  6    Str: 10    XL:     11   Next: 19%
Magic:  11/28      EV: 33    Int: 16    God:    Ignis [......]
Gold:   653        SH:  0    Dex: 16    Spells: 25/34 levels left
                                        Lives:  0   Deaths: 3

rFire   + + .      SeeInvis +     - Unarmed
rCold   x . .      Faith    .   (shield unavailable)
rNeg    . . .      Spirit   .   (body armour unavailable)
rPois   .          Reflect  .   (helmet unavailable)
rElec   .          Harm     .   (cloak unavailable)
rCorr   .          Rampage  .   (gloves unavailable)
Will    +....                   (boots unavailable)
Stlth   +++.......              j - amulet of the acrobat
HPRegen 0.15/turn               m - ring of fire
MPRegen 0.21/turn               k - +4 ring of protection

@: acrobatic, quick
A: very small, claws 1, fangs 3, see invisible, speed 1, shaggy fur 2, stealthy
paws, no weapons or thrown items, no armour, multi-lived
a: Renounce Religion, Rising Flame


You were on level 12 of the Dungeon.
You worshipped Ignis.
Ignis was noncommittal.
You visited 1 branch of the dungeon, and saw 12 of its levels.
You also visited: Sewer.

You collected 653 gold pieces.

Inventory:

Hand Weapons
 i - a +1 halberd of protection
 B - the +8 dagger of Tenacity {freeze, rF+ rC- Dex+8}
   (You found it on level 12 of the Dungeon)

   It freezes those it strikes, dealing additional cold damage.
   It can also slow down cold-blooded creatures.
   Dex:       It affects your dexterity (+8).
   rF:        It protects you from fire.
   rC:        It makes you vulnerable to cold.
Magical Staves
 q - a staff of fire
Jewellery
 j - an amulet of the acrobat (around neck)
 k - a +4 ring of protection (right paw)
 m - a ring of fire (left paw)
Wands
 b - a wand of polymorph (10)
 s - a wand of flame (5)
 y - a wand of iceblast (4)
Scrolls
 a - a scroll of magic mapping
 c - a scroll of enchant weapon
 d - 2 scrolls of blinking
 f - 2 scrolls of fog
 g - 3 scrolls of vulnerability
 h - a scroll of noise
 l - 2 scrolls of teleportation
 n - 3 scrolls of amnesia {unknown}
 o - 3 scrolls of identify
 r - a scroll of holy word
 t - a scroll of torment
 u - a scroll of acquirement {unknown}
 w - 2 scrolls of enchant armour {unknown}
 x - 3 scrolls of fear {unknown}
Potions
 e - a potion of ambrosia {unknown}
 p - 2 potions of berserk rage
 v - a potion of mutation {unknown}
 z - a potion of curing
 A - a potion of magic {unknown}


   Skills:
 + Level 3.7 Fighting
 + Level 4.3 Dodging
 + Level 3.9 Stealth
 + Level 4.2 Unarmed Combat
 + Level 12.4 Spellcasting
 + Level 1.5 Conjurations
 + Level 11.4 Fire Magic
 + Level 1.4 Air Magic
 + Level 0.1 Evocations


You had 25 spell levels left.
You knew the following spells:

 Your Spells              Type           Power      Damage    Failure   Level
a - Scorch                Fire           100%       2d10      1%          2
b - Shock                 Conj/Air       56%        1d6       3%          1
c - Foxfire               Conj/Fire      100%       2x1d9     1%          1
d - Magic Dart            Conj           56%        1d5       3%          1
e - Flame Wave            Conj/Fire      46%        2d10      4%          4

Your spell library contained the following spells:

 Spells                   Type           Power      Damage    Failure   Level
 Conjure Flame            Conj/Fire      46%        6-21      1%          3
 Inner Flame              Hex/Fire       42%        N/A       1%          3
 Searing Ray              Conj           28%        2d5       5%          2
 Slow                     Hex            36%        N/A       7%          1
 Ensorcelled Hibernation  Hex/Ice        18%        N/A       11%         2
 Passwall                 Tmut/Erth      7%         N/A       11%         2
 Swiftness                Air            14%        N/A       12%         3
 Confusing Touch          Hex            9%         N/A       22%         3
 Vampiric Draining        Necr           9%         2d6       22%         3
 Airstrike                Air            7%         N/A       36%         4
 Fulminant Prism          Conj/Hex       6%         3d7       45%         4
 Hailstorm                Conj/Ice       12%        3d5       45%         4
 Iskenderun's Mystic Bla  Conj/Tloc      12%        2d5       45%         4
 Ice Form                 Ice/Tmut       9%         N/A       56%         4
 Freezing Cloud           Conj/Ice/Air   6%         6-21      78%         5
 Yara's Violent Unravell  Hex/Tmut       4%         3d4       89%         5
 Simulacrum               Ice/Necr       4%         N/A       100%        6
 Enfeeble                 Hex            4%         N/A       100%        7


Dungeon Overview and Level Annotations

Branches:
Dungeon (12/15)            Temple (0/1) D:4             Orc (0/2) D:10
  Sewer (visited)
   Lair: D:8-11

Altars:
Ashenzari
Dithmenos
Qazlal
Sif Muna
Trog
Xom
Zin

Shops:
D:1 :   D:9 *   D:11 (


Innate Abilities, Weirdness & Mutations

You have sharp claws.
You have razor-sharp teeth.
You have supernaturally acute eyesight. (SInv)
You cover ground quickly. (Speed+)
You are covered in thick fur. (AC +2)
Your paws help you pounce on unaware monsters.
You are incapable of wielding weapons or throwing items.
You cannot wear armour.
You gain extra lives every three experience levels.


Message History

You destroy the freezing wraith!
Casting: Scorch (safe; 1% risk of failure)
Confirm with . or Enter, or press ? or * to list all spells.
Aiming: Magic Dart (safe; 3% risk of failure)
Press: ? - help, Shift-Dir - straight line, f - phantasmal warrior
Aim: a phantasmal warrior (100% to hit)
The magic dart hits the phantasmal warrior but does no damage.
The phantasmal warrior gestures at you.
The phantasmal warrior blinks!
Casting: Magic Dart (safe; 3% risk of failure)
Confirm with . or Enter, or press ? or * to list all spells.
Aiming: Magic Dart (safe; 3% risk of failure)
Press: ? - help, Shift-Dir - straight line, f/p - phantasmal warrior
Aim: a phantasmal warrior (100% to hit)
The magic dart hits the phantasmal warrior but does no damage.
Casting: Magic Dart (safe; 3% risk of failure)
Confirm with . or Enter, or press ? or * to list all spells.
Aiming: Magic Dart (safe; 3% risk of failure)
Press: ? - help, Shift-Dir - straight line, f/p - phantasmal warrior
Aim: a phantasmal warrior (100% to hit)
The magic dart hits the phantasmal warrior.
The phantasmal warrior is lightly damaged.
Casting: Magic Dart (safe; 3% risk of failure)
Confirm with . or Enter, or press ? or * to list all spells.
Aiming: Magic Dart (safe; 3% risk of failure)
Press: ? - help, Shift-Dir - straight line, f/p - phantasmal warrior
Aim: a phantasmal warrior (lightly damaged, 100% to hit)
The magic dart hits the phantasmal warrior.
The phantasmal warrior is lightly damaged.
Casting: Magic Dart (safe; 3% risk of failure)
Confirm with . or Enter, or press ? or * to list all spells.
You feel a surge of power!
Flames lash the phantasmal warrior.
The phantasmal warrior is moderately damaged.
The phantasmal warrior's fire resistance burns away.
The phantasmal warrior gestures at you.
The phantasmal warrior blinks!
The phantasmal warrior attacks as you move away!
The phantasmal warrior hits you!!!
Ouch! That really hurt!
You die...

#.#
###########.###########
#......................
##.########.###########
#.....# #.# #......
#####.# #.#####.#####
#.# #............ #W#
#######.#####
#@##########'#####
#.##..............
#.##..............
#ยง##..............
#.##..............
#.##.....)........
#.##..............
#.##..............
#.###.........###.


You could see a phantasmal warrior (combustible).

Vanquished Creatures
  3 two-headed ogres
  Erica (D:8)
  Amaemon (D:8)
  Pikel (D:6)
  A deep elf pyromancer (D:11)
  An orange demon (D:8)
  3 unseen horrors
  A freezing wraith (D:12)
  A troll (D:11)
  Sigmund (D:6)
  A shadow (D:11)
  2 wyverns
  A vampire (D:9)
  15 yaks
  A basilisk (D:11)
  Grum (D:8)
  6 vampire mosquitoes
  3 water moccasins
  7 black bears
  2 orc warriors (D:11)
  2 ice beasts
  2 wolves (D:8)
  4 centaurs
  A lemure (D:6)
  2 kobold brigands
  7 necrophages
  6 bullfrogs
  A scorpion (D:5)
  9 wights
  13 killer bees (D:9)
  A howler monkey (D:7)
  5 hounds
  Crazy Yiuf (D:5)
  2 orc priests (D:7)
  A gnoll shaman (D:6)
  2 iguanas
  A killer bee zombie (D:8)
  2 mummies (D:8)
  10 adders
  4 gnolls (D:6)
  A white imp (D:6)
  2 ufetubi
  2 worms
  2 dart slugs
  16 orcs
  4 ball pythons
  6 bats
  4 endoplasms
  6 giant cockroaches
  5 goblins
  7 hobgoblins
  6 jackals
  4 quokkas
  4 frilled lizards
  19 kobolds
  5 rats
  2 bushes (D:1)
224 creatures vanquished.

Vanquished Creatures (others)
  75 foxfires
  23 fungi (D:11)
  33 plants
131 creatures vanquished.

Grand Total: 355 creatures vanquished

Notes
Turn   | Place    | Note
-------+----------+-------------------------------------------
     0 | D:1      | Anunax the Felid Cinder Acolyte began the quest for the
                  | Orb.
     0 | D:1      | Reached XP level 1. HP: 10/10 MP: 3/3
   126 | D:1      | Reached XP level 2. HP: 14/14 MP: 4/4
   152 | D:1      | Found a faded altar of an unknown god.
   462 | D:1      | Found Xogu Hug's Book Emporium.
   631 | D:1      | Reached XP level 3. HP: 4/17 MP: 5/5
   646 | D:1      | Learned a level 2 spell: Scorch
  1990 | D:2      | Reached XP level 4. HP: 21/21 MP: 1/6
  3126 | D:4      | Reached XP level 5. HP: 7/24 MP: 0/8
  3352 | D:4      | Found a staircase to the Ecumenical Temple.
  3395 | D:4      | Found a shimmering blue altar of Sif Muna.
  3505 | D:4      | Reached skill level 2 in Spellcasting
  3714 | D:4      | Found a stormy altar of Qazlal.
  3999 | D:5      | Entered Level 5 of the Dungeon
  4207 | D:5      | Found a glowing drain.
  4219 | Sewer    | Entered a sewer
  4318 | Sewer    | Noticed a water moccasin
  4329 | Sewer    | Killed a water moccasin
  4330 | Sewer    | Reached skill level 1 in Stealth
  4330 | Sewer    | Reached skill level 3 in Spellcasting
  4330 | Sewer    | Gained mutation: You are covered in thick fur. (AC +2)
                  | [Felid growth]
  4330 | Sewer    | Reached XP level 6. HP: 25/28 MP: 3/11
  4572 | D:5      | Found a runed translucent door.
  4573 | D:5      | Noticed Crazy Yiuf
  4625 | D:5      | Noticed a water moccasin
  4631 | D:5      | Killed a water moccasin
  4632 | D:5      | Reached skill level 1 in Dodging
  4632 | D:5      | Reached skill level 5 in Fire Magic
  4632 | D:5      | Reached XP level 7. HP: 31/31 MP: 6/13
  4752 | D:5      | Noticed a yak
  4752 | D:5      | Noticed a yak
  4752 | D:5      | Noticed a yak
  4754 | D:5      | Reached skill level 4 in Spellcasting
  4800 | D:5      | Killed a yak
  4899 | D:5      | Killed a yak
  5030 | D:5      | Killed a yak
  5031 | D:5      | Reached skill level 5 in Spellcasting
  5236 | D:5      | Learned a level 1 spell: Shock
  5250 | D:5      | Found a glowing silver altar of Zin.
  5299 | D:5      | Reached XP level 8. HP: 34/34 MP: 10/16
  5669 | D:5      | Killed Crazy Yiuf
  6160 | D:6      | Noticed Pikel
  6273 | D:6      | Reached skill level 6 in Spellcasting
  6617 | D:6      | Found a broken altar of Ashenzari.
  6653 | D:6      | Noticed Sigmund
  6754 | D:6      | Killed Sigmund
  7323 | D:6      | Killed Pikel
  7324 | D:6      | Reached skill level 7 in Spellcasting
  7324 | D:6      | Reached XP level 9. HP: 38/38 MP: 11/21
  8045 | D:7      | Reached skill level 8 in Spellcasting
  8608 | D:7      | HP: 1/38 [electric eel/bolt of electricity (16)]
  8622 | D:7      | Killed from afar by an electric eel
  8623 | D:7      | Reached XP level 8. HP: -3/34 MP: 21/21
  8790 | D:8      | Noticed Erica
  8791 | D:8      | Noticed Grum
  9018 | D:8      | Killed Erica
  9019 | D:8      | Reached skill level 9 in Spellcasting
  9019 | D:8      | Reached XP level 9. HP: 38/38 MP: 12/23
  9234 | D:8      | Noticed Amaemon
  9238 | D:8      | Noticed an orange demon
  9296 | D:8      | Killed Amaemon
  9297 | D:8      | Reached skill level 1 in Air Magic
  9374 | D:8      | Killed an orange demon
  9375 | D:8      | Reached skill level 1 in Conjurations
 10211 | D:8      | Learned a level 1 spell: Foxfire
 10364 | D:8      | Found a bloodstained altar of Trog.
 10572 | D:8      | Reached skill level 10 in Spellcasting
 10649 | D:8      | Reached XP level 10. HP: 42/42 MP: 18/25
 10679 | D:8      | Killed Grum
 10873 | D:9      | Found a shadowy altar of Dithmenos.
 10995 | D:9      | HP: 1/41 [poisoned by a wight]
 10996 | D:9      | Succumbed to a wight's poison
 10997 | D:9      | Reached XP level 9. HP: 0/37 MP: 2/24
 11008 | D:9      | Found Fuunwen's Island Escapes.
 11027 | D:9      | HP: 1/38 [killer bee (5)]
 11028 | D:9      | Succumbed to a killer bee's poison
 11029 | D:9      | Reached XP level 8. HP: -2/34 MP: 17/23
 11679 | D:9      | Reached XP level 9. HP: 16/39 MP: 7/24
 12091 | D:9      | Reached skill level 11 in Spellcasting
 12430 | D:10     | Entered Level 10 of the Dungeon
 12728 | D:10     | Noticed a two-headed ogre
 12769 | D:10     | Killed a two-headed ogre
 12770 | D:10     | Reached skill level 10 in Fire Magic
 12852 | D:10     | Noticed a two-headed ogre
 12874 | D:10     | Killed a two-headed ogre
 12875 | D:10     | Reached XP level 10. HP: 14/42 MP: 18/26
 13086 | D:10     | Found a shimmering altar of Xom.
 13154 | D:10     | Found a staircase to the Orcish Mines.
 14277 | D:11     | Learned a level 1 spell: Magic Dart
 14855 | D:11     | Found Huzax's Weapon Emporium.
 15170 | D:11     | Noticed a two-headed ogre
 15206 | D:11     | Killed a two-headed ogre
 15207 | D:11     | Reached skill level 12 in Spellcasting
 15271 | D:11     | Identified the +6 trident of Impatience {speed, *Rage rPois
                  | Will+ SInv}
 15544 | D:11     | Noticed a deep elf pyromancer
 15555 | D:11     | Killed a deep elf pyromancer
 15556 | D:11     | Reached XP level 11. HP: 34/45 MP: 16/28
 15751 | D:11     | Got Baec's Disquisition on Conjuration
 15760 | D:11     | Learned a level 4 spell: Flame Wave
 16665 | D:12     | Identified the +8 dagger of Tenacity {freeze, rF+ rC-
                  | Dex+8}
 16811 | D:12     | Noticed a phantasmal warrior
 16811 | D:12     | Noticed a phantasmal warrior
 16868 | D:12     | Slain by a phantasmal warrior

Illustrated notes

Levels and vault maps discovered:
D:1:      saegor_arrival_simple_e, layout_basic, serial_forest,
          infiniplex_forest_end_2, infiniplex_forest_end_double,
          infiniplex_forest_zigzag_2, infiniplex_forest_end_3,
          infiniplex_forest_lined_room_3, infiniplex_forest_clump_medium,
          infiniplex_forest_lined_room_2,
          hellmonk_ecumenical_altar_inner_sanctum, serial_shops, shop
D:2:      layout_loops_ring
D:3:      layout_basic
D:4:      layout_gridville, nicolae_qazlal_general_emergency,
          nicolae_sif_muna_condensation, minmay_temple_entry_antechambers,
          nrook_campfire, minmay_misc_feat_more_columns
D:5:      layout_gridville, zin_academy, portal_sewer_entry_a, serial_glass,
          glass_columns_b, glass_columns_b, saegor_snake_ambush,
          uniq_crazy_yiuf_cottage
D:6:      layout_basic, kennysheep_little_box, uniq_pikel, uniq_sigmund
D:7:      wad_lake_hut, layout_rooms
D:8:      layout_loops_corners, trog_ov_bears_minmay, serial_undead,
          serial_undead_a, serial_undead_d, serial_undead_a, serial_undead_d,
          uniq_amaemon, uniq_erica, uniq_grum
D:9:      layout_rooms, mainiacjoe_overflow_small_starburst,
          nicolae_island_escapes
D:10:     layout_gridville, xom_teletrap_fun, orc_0_dummy
D:11:     layout_roguey, grunt_lair_entry_orc_guard_hut, serial_shops, shop,
          disabler_island
D:12:     layout_basic, serial_aquarium, aquarium_bridge_straight
          [aquarium_subvault_bridge, aquarium_subvault_window,
          aquarium_subvault_bridge, aquarium_subvault_wall],
          aquarium_window_fake, aquarium_window_fake, aquarium_view_2c,
          aquarium_balcony_double_3, aquarium_pool_2,
          chequers_serial_rivers_large_a, uniq_erolcha

Skill      XL: |  1  2  3  4  5  6  7  8  9 10 11 |
---------------+----------------------------------+-----
Fire Magic     | 3 4 5 6 8 10 11 | 11.4
Spellcasting   | 3 5 9 11 12 | 12.4
Stealth        | 1 2 3 |  3.9
Dodging        | 1 3 4 |  4.3
Unarmed Combat | 4 |  4.2
Air Magic      | 1 |  1.4
Conjurations   | 1 |  1.5
Fighting       | |  3.7
Evocations     | |  0.1

Action                   |  1- 3 |  4- 6 |  7- 9 | 10-12 || total
-------------------------+-------+-------+-------+-------++-------
Melee: Unarmed           |   191 |    19 |    12 |     7 ||   229
       Bite              |    35 |     2 |     2 |     1 ||    40
       Punch             |     7 |       |       |       ||     7
 Cast: Scorch            |    17 |    47 |   258 |   149 ||   471
       Shock             |       |       |    44 |     4 ||    48
       Foxfire           |       |       |    11 |       ||    11
       Magic Dart        |       |       |       |    19 ||    19
Invok: Fiery Armour      |     3 |       |       |       ||     3
       Foxfire Swarm     |     7 |       |       |       ||     7
Evoke: Wand              |       |       |       |     5 ||     5
  Use: Potion            |       |     1 |    11 |       ||    12
       Scroll            |       |       |    11 |       ||    11
 Stab: Sleeping          |     1 |       |       |       ||     1
Armor: Skin              |     6 |     6 |    12 |    12 ||    36
Dodge: Dodged            |    25 |    23 |   137 |   122 ||   307

Table legend: (Time is in decaauts)
 A = Elapsed time spent in this place.
 B = Non-inter-level travel time spent in this place.
 C = Inter-level travel time spent in this place.
 D = Time resting spent in this place.
 E = Time spent auto-exploring this place.
 F = Levels seen in this place.
 G = Mean time per level.
                   A        B        C        D        E       F      G
               +--------+--------+--------+--------+--------+-----+--------+
         Total |  15222 |  14746 |    476 |   4044 |   7637 |  13 | 1170.9 |
       Dungeon |  15017 |  14541 |    476 |   3971 |   7565 |  12 | 1251.4 |
         Sewer |    205 |    205 |      0 |     73 |     71 |   1 |  205.0 |
               +--------+--------+--------+--------+--------+-----+--------+

Top non-repeatable levels by time:
    D:11: 2203 daAuts
     D:8: 2024 daAuts
     D:5: 1726 daAuts
    D:10: 1345 daAuts
     D:6: 1294 daAuts
     D:9: 1282 daAuts
     D:1: 1221 daAuts
     D:7: 1040 daAuts
     D:2: 918 daAuts
     D:4: 915 daAuts
    D:12: 539 daAuts
     D:3: 504 daAuts
   Sewer: 205 daAuts
